 Dungeon Crawl Stone Soup version 0.29.0-4-gdea44cf6ec (webtiles) character file.

Game seed: 2961643547127819734

70 Strat the Shooter (level 4, -9/27 HPs)
             Began as a Gargoyle Arcane Marksman on Aug 27, 2022.
             Mangled by a shadow (13 damage)
             ... on level 7 of the Dungeon.
             The game lasted 00:05:18 (2210 turns).

Strat the Shooter (Gargoyle Arcane Marksman)        Turns: 2210, Time: 00:05:18

Health: -9/27      AC: 10    Str: 16    XL:     4   Next: 22%
Magic:  5/5        EV: 10    Int: 13    God:
Gold:   137        SH:  0    Dex: 10    Spells: 4/5 levels left

rFire   . . .      SeeInvis .   a - +1 sling
rCold   . . .      Faith    .   (no shield)
rNeg    + . .      Spirit   .   p - +0 ring mail
rPois   ∞          Reflect  .   (no helmet)
rElec   +          Harm     .   l - +0 cloak
rCorr   .          Rampage  .   (no gloves)
Will    .....                   q - +0 pair of boots
Stlth   ..........              (no amulet)
HPRegen 0.09/turn               (no ring)
MPRegen 0.09/turn               (no ring)

@: no status effects
A: sickness immunity, AC +3, negative energy resistance 1, electricity
resistance, torment resistance 1, petrification resistance
a: no special abilities


You were on level 7 of the Dungeon.
You visited 1 branch of the dungeon, and saw 5 of its levels.

You collected 137 gold pieces.

Inventory:

Hand Weapons
 a - a +1 sling (weapon)
 g - a +0 short sword
 h - a +2 dagger of draining
Armour
 c - a +0 robe
 l - a +0 cloak (worn)
 n - a +0 leather armour
 p - a +0 ring mail (worn)
 q - a +0 pair of boots (worn)
Jewellery
 o - a ring of willpower
Scrolls
 b - a scroll of poison
 d - 3 scrolls of identify {unknown}
 e - 2 scrolls of teleportation {unknown}
 f - a scroll of enchant armour {unknown}
 i - 3 scrolls of vulnerability {unknown}
 r - a scroll of magic mapping {unknown}
 s - a scroll of summoning {unknown}
Potions
 j - 2 potions of curing {unknown}
 k - a potion of might {unknown}
 m - a potion of ambrosia {unknown}
 t - a potion of lignification {unknown}
 u - a potion of heal wounds {unknown}


   Skills:
 + Level 2.5 Fighting
 * Level 3.7 Ranged Weapons
 - Level 1.5 Dodging
 - Level 1.0 Spellcasting
 - Level 2.6 Hexes


You had 4 spell levels left.
You knew the following spells:

 Your Spells              Type           Power      Damage    Failure   Level
a - Slow                  Hex            28%        N/A       19%         1

Your spell library contained the following spells:

 Spells                   Type           Power      Damage    Failure   Level
 Confusing Touch          Hex            7%         N/A       47%         3
 Inner Flame              Hex/Fire       4%         N/A       67%         3
 Portal Projectile        Hex/Tloc       8%         N/A       67%         3
 Vampiric Draining        Necr           0%         2d6       85%         3
 Cause Fear               Hex            3%         N/A       87%         4


Dungeon Overview and Level Annotations

Branches:
Dungeon (7/15)
 Temple: D:4-7

Altars:
Trog


Innate Abilities, Weirdness & Mutations

You are immune to sickness and miasma.
Your stone body is resilient. (AC +3)
You are immune to poison.
You resist negative energy. (rN+)
You are resistant to electric shocks. (rElec)
You are resistant to unholy torment.
You are immune to petrification.


Message History

u - a viscous emerald potion A sourceless malevolence fills the Dungeon...
You fall into a shaft and drop 3 floors!
The shaft crumbles and collapses.
Found 4 gold pieces.
Found a stone staircase leading down.
You now have 137 gold pieces (gained 4).
A two-headed ogre and an ogre come into view.
The two-headed ogre shouts in stereo!
The ogre shouts!
There is a stone staircase leading down here.
You climb downwards.
Found a dagger, a shiny wooden wand and a scroll labelled BUTHRI ROPOO.
There is a stone staircase leading up here.
You open the door.
There is an open door here.
A black bear comes into view.
The black bear growls angrily.
The black bear closely misses you.
The black bear claws you but does no damage.
The black bear misses you.
The shadow slips into darkness.
The shadow flickers and vanishes!
Deactivating autopickup; reactivate with Ctrl-A.
The black bear bites you but does no damage.
The black bear barely misses you.
The black bear claws you but does no damage.
The shadow strikes at you from the darkness!
Ouch! That really hurt!
* * * LOW HITPOINT WARNING * * *
Reactivating autopickup.
The shadow attacks as you move away! The shadow hits you. The shadow hits you.
* * * LOW HITPOINT WARNING * * *
The shadow attacks as you move away! The shadow closely misses you.
You open the door.
The shadow slips into darkness.
The shadow flickers and vanishes!
Deactivating autopickup; reactivate with Ctrl-A.
There is an open door here.
The shadow strikes at you from the darkness!
You die...

#########
#.......#
+.......+
####@####
#..h....#
#.......#
#...#...#
#..###..#
#...#...#
#.......# .
#.......#
...####'####


You could see a black bear.

Vanquished Creatures
  2 adders (D:2)
  2 dart slugs
  3 endoplasms
  3 giant cockroaches
  3 goblins (D:1)
  3 hobgoblins
  4 jackals (D:1)
  5 quokkas
  5 ball pythons
  2 bats (D:1)
  4 frilled lizards
  4 kobolds (D:1)
  6 rats
46 creatures vanquished.

Notes
Turn   | Place    | Note
-------+----------+-------------------------------------------
     0 | D:1      | Strat the Gargoyle Arcane Marksman began the quest for the
                  | Orb.
     0 | D:1      | Reached XP level 1. HP: 12/12 MP: 2/2
   291 | D:1      | Reached XP level 2. HP: 15/16 MP: 3/3
  1037 | D:1      | Reached skill level 3 in Ranged Weapons
  1069 | D:1      | Reached XP level 3. HP: 21/21 MP: 4/4
  1667 | D:2      | Found a bloodstained altar of Trog.
  1814 | D:2      | Reached XP level 4. HP: 27/27 MP: 5/5
  2167 | D:3      | You fall into a shaft and drop 3 floors!
  2182 | D:6      | Noticed a two-headed ogre
  2182 | D:6      | Noticed an ogre
  2191 | D:7      | Noticed a shadow
  2198 | D:7      | Noticed a black bear
  2210 | D:7      | Mangled by a shadow

Illustrated notes

Levels and vault maps discovered:
D:1:      dpeg_arrival_three_same_balls, layout_basic
D:2:      layout_loops_cross, basic_altar, minivault_19, dk_noncrumbling_2
D:3:      layout_loops_corners, ebering_ecumenical_altar_rust,
          gup_sewer_entry_bowl
D:6:      layout_loops_ring, grunt_dithmenos_smoke_and_mirrors,
          tso_oasis_becter, minmay_temple_entry_overgrown, serial_shops,
          nicolae_shop_stone
D:7:      layout_basic, kennysheep_generic_room_8

Skill      XL: |  1  2  3 |
---------------+----------+-----
Ranged Weapons | 3 |  3.7
Fighting       | 2 |  2.5
Dodging        | |  1.5
Spellcasting   | |  1.0
Hexes          | |  2.6

Action                   |  1- 3 |  4- 6 || total
-------------------------+-------+-------++-------
Melee: Dagger            |     9 |       ||     9
 Fire: Sling             |   136 |    17 ||   153
 Cast: Slow              |     2 |       ||     2
Armor: Robe              |     8 |       ||     8
       Leather armour    |     7 |       ||     7
       Ring mail         |    25 |     7 ||    32
Dodge: Dodged            |    60 |    12 ||    72
